 Dungeon Crawl Stone Soup version 0.26-a0-88-g5ee4766 (webtiles) character file.

Game seed: 15684236908383619123

1473 Zadeon74 the Shield-Bearer (level 8, -2/59 HPs)
             Began as a Demonspawn Gladiator on June 22, 2020.
             Was a Believer of Wu Jian.
             Killed from afar by a steam dragon (30 damage)
             ... with a ball of steam
             ... on level 7 of the Dungeon.
             The game lasted 00:26:47 (7896 turns).

Zadeon74 the Shield-Bearer (Demonspawn Gladiator)   Turns: 7896, Time: 00:26:49

Health: -2/59      AC: 13    Str: 16    XL:     8   Next: 49%
Magic:  8/8        EV:  2    Int: 11    God:    Wu Jian [**....]
Gold:   193        SH: 15    Dex: 16    Spells: 7/7 levels left

rFire    x . .     SeeInvis .   k - +0 whip (flame)
rCold    + + .     Gourm    .   h - +0 tower shield
rNeg     . . .     Faith    .   u - +0 plate armour
rPois    .         Spirit   .   (helmet restricted)
rElec    .         Reflect  .   w - scarf {repulsion}
rCorr    .         Harm     .   (no gloves)
MR       .....                  (no boots)
Stlth    ..........             (no amulet)
HPRegen  0.19/turn              y - ring of ice
MPRegen  0.11/turn              (no ring)

@: repel missiles
A: horns 2, yellow scales 1, agile 1, cold resistance 1, deterioration 1,
powered by pain 1
a: Wall Jump, Renounce Religion


You were on level 7 of the Dungeon.
You worshipped Wu Jian.
Wu Jian was pleased with you.
You were not hungry.

You visited 2 branches of the dungeon, and saw 8 of its levels.
You also visited: Sewer.

You collected 385 gold pieces.
You spent 192 gold pieces at shops.

Inventory:

Hand Weapons
 a - a +1 flail
 k - a +0 whip of flaming (weapon)
 C - the +7 pair of quick blades "Gyre" and "Gimble" {protect}
   (You found it on level 6 of the Dungeon)

   It grants its wielder temporary protection when it strikes (+7 to AC).
Missiles
 g - 293 stones
 n - a throwing net (quivered)
Armour
 h - a +0 tower shield (worn)
 r - a +0 chain mail
 s - a +1 helmet
 t - a +0 helmet
 u - a +0 plate armour (worn)
 w - a scarf of repulsion (worn)
Jewellery
 y - a ring of ice (left hand)
Wands
 D - a wand of flame (21)
 F - a wand of digging (6)
Scrolls
 e - 3 scrolls of magic mapping
 i - 2 scrolls of amnesia
 l - 4 scrolls of teleportation
 q - 2 scrolls of remove curse
 A - 2 scrolls of enchant armour {unknown}
 B - a scroll of immolation {unknown}
Potions
 b - a potion of magic {unknown}
 c - 3 potions of might
 d - a potion of brilliance
 j - 2 potions of flight
 m - 7 potions of curing
 o - 2 potions of stabbing
 p - 4 potions of heal wounds
 v - a potion of resistance {unknown}
 x - a potion of haste
 z - a potion of ambrosia
Comestibles
 f - 15 rations
 E - 3 chunks of flesh


   Skills:
 + Level 3.6 Fighting
 + Level 5.6 Maces & Flails
 - Level 1.7 Throwing
 + Level 3.2 Armour
 - Level 3.1 Dodging
 - Level 1.0 Stealth
 * Level 6.5 Shields


You had 7 spell levels left.
You didn't know any spells.
Your spell library contained the following spells:

 Spells                   Type           Power        Failure   Level  Hunger
 Animate Skeleton         Necr           N/A          100%        1    ##.....
 Apportation              Tloc           #.....       100%        1    ##.....
 Corona                   Hex            #......      100%        1    ##.....
 Magic Dart               Conj           #...         100%        1    ##.....
 Summon Small Mammal      Summ           #...         100%        1    ##.....
 Blink                    Tloc           N/A          100%        2    ###....
 Call Imp                 Summ           #.......     100%        2    ###....
 Slow                     Hex            #.......     100%        2    ###....
 Call Canine Familiar     Summ           #.......     100%        3    ####...
 Conjure Flame            Conj/Fire      #.......     100%        3    ####...
 Mephitic Cloud           Conj/Pois/Air  #.......     100%        3    ####...
 Summon Guardian Golem    Hex/Summ       #.......     100%        3    ####...
 Summon Ice Beast         Ice/Summ       #.......     100%        4    #####..
 Summon Lightning Spire   Summ/Air       #.......     100%        4    #####..


Dungeon Overview and Level Annotations

Branches:
Dungeon (7/15)             Temple (1/1) D:4           Sewer (visited)

Altars:
Ashenzari
Dithmenos
Elyvilon
Gozag
Hepliaklqana
Kikubaaqudgha
Makhleb
Nemelex Xobeh
Okawaru
Qazlal
Ru
Sif Muna
Trog
Vehumet
Wu Jian
Yredelemnul
Zin
The Shining One

Shops:
D:4 !=   D:7 *

Annotations:
D:3 2 transporters


Innate Abilities, Weirdness & Mutations

You have a pair of horns on your head.
Your flesh is cold resistant. (rC+)
You sometimes gain a little power by taking damage.
You are partially covered in yellow scales. (AC +2)
You are agile. (Dex +2)
Your body sometimes deteriorates upon taking damage.


Message History

a +0 quarterstaff; a +0 leather armour Unknown command.
You hit the steam dragon. You burn the steam dragon.
The steam dragon is moderately wounded.
You are engulfed in a cloud of scalding steam.
You block the steam dragon's attack.
The steam dragon claws you but does no damage.
Your plate armour prevents you from hitting the steam dragon.
The steam dragon is moderately wounded.
The steam dragon bites you. The steam dragon claws you.
You closely miss the steam dragon.
The steam dragon is lightly wounded.
The steam dragon barely misses you. You block the steam dragon's attack.
You hit the steam dragon but do no damage.
The steam dragon is lightly wounded.
You block the scorpion's attack. The steam dragon breathes steam at you.
The ball of steam hits you!! The steam scalds you terribly!
Ouch! That really hurt!
You die...

####.............. #.
#........#####.### #.# ###
#........#####.# ... ..#
#........#.....# #.#.# #.#
#........'.#####
.#.#..##.###........#.#
.........##..............#
#.........s##.....##....#
#.........D@ยงยงยง...##....#
#.........###.....##....#
#...........########....# ..
##........#.# ######
....###........#.# .....
+........# # ....#
#........# ....###........#
...............#


You could see a steam dragon (catching breath) and a scorpion.

Vanquished Creatures
  Eustachio (D:4)
  A sky beast (D:6)
  2 centaurs
  3 bullfrogs
  A scorpion (D:6)
  2 howler monkeys
  A crimson imp (D:5)
  2 hounds
  An orc priest (D:5)
  2 jellies
  2 bullfrog skeletons
  2 orc wizards (D:5)
  2 iguanas
  2 worker ants
  A worker ant zombie (D:6)
  4 gnolls (D:5)
  12 adders
  5 river rats
  A shadow imp (D:6)
  2 oozes
  3 worms
  3 dart slugs
  3 leopard geckos
  12 orcs
  2 ball pythons
  6 giant cockroaches
  9 goblins
  7 hobgoblins
  20 kobolds
  10 bats
  8 frilled lizards
  A giant cockroach zombie (D:6)
  A leopard gecko zombie (D:6)
  29 rats
  A spectral orc (D:5)
164 creatures vanquished.

Vanquished Creatures (others)
  An orc (D:7)
  3 plants (D:3)
4 creatures vanquished.

Grand Total: 168 creatures vanquished

Notes
Turn   | Place    | Note
-------+----------+-------------------------------------------
     0 | D:1      | Zadeon74 the Demonspawn Gladiator began the quest for the
                  | Orb.
     0 | D:1      | Reached XP level 1. HP: 16/16 MP: 1/1
   261 | D:1      | Gained mutation: You sometimes gain a little power by
                  | taking damage. [demonic ancestry]
   261 | D:1      | Reached XP level 2. HP: 21/22 MP: 2/2
   910 | D:2      | Reached XP level 3. HP: 10/27 MP: 3/3
  1369 | D:2      | You fall into a shaft and drop 1 floor!
  1449 | D:2      | Reached skill level 1 in Shields
  1687 | D:2      | Reached XP level 4. HP: 31/33 MP: 4/4
  2033 | D:3      | Found a faded altar of an unknown god.
  2401 | D:3      | Reached skill level 2 in Shields
  2603 | D:3      | Gained mutation: You have a pair of small horns on your
                  | head. [demonic ancestry]
  2603 | D:3      | Reached XP level 5. HP: 33/39 MP: 5/5
  2717 | D:3      | Found a transporter.
  2717 | D:3      | Found a transporter.
  3224 | D:3      | Reached skill level 1 in Armour
  3336 | D:4      | Found Saruptywk's Jewellery Shop.
  3360 | D:4      | Noticed Eustachio
  3377 | D:4      | Killed Eustachio
  3377 | D:4      | Reached skill level 3 in Shields
  3377 | D:4      | Reached XP level 6. HP: 19/47 MP: 6/6
  3646 | D:4      | Found a staircase to the Ecumenical Temple.
  3671 | Temple   | Entered the Ecumenical Temple
  3850 | Temple   | Became a worshipper of the Wu Jian Council
  4005 | D:4      | Found Ytwicam's Distillery.
  4181 | D:4      | Bought a potion of mutation for 96 gold pieces
  4181 | D:4      | Bought a potion of mutation for 96 gold pieces
  4181 | D:4      | Gained mutation: You are clumsy. (Dex -2) [potion of
                  | mutation]
  4181 | D:4      | Gained mutation: You are very clumsy. (Dex -4) [potion of
                  | mutation]
  4181 | D:4      | Gained mutation: Your spells are a little harder to cast,
                  | but a little more powerful. [potion of mutation]
  4182 | D:4      | Lost mutation: You are very clumsy. (Dex -4) [potion of
                  | mutation]
  4182 | D:4      | Lost mutation: Your spells are a little harder to cast, but
                  | a little more powerful. [potion of mutation]
  4182 | D:4      | Gained mutation: You are partially covered in yellow
                  | scales. (AC +2) [potion of mutation]
  4182 | D:4      | Gained mutation: Your body sometimes deteriorates upon
                  | taking damage. [potion of mutation]
  4182 | D:4      | Lost mutation: You are clumsy. (Dex -2) [potion of
                  | mutation]
  4182 | D:4      | Gained mutation: You are agile. (Dex +2) [potion of
                  | mutation]
  4215 | D:5      | Entered Level 5 of the Dungeon
  4453 | D:5      | Gained mutation: Your flesh is cold resistant. (rC+)
                  | [demonic ancestry]
  4453 | D:5      | Reached XP level 7. HP: 41/52 MP: 7/7
  4655 | D:5      | Reached skill level 4 in Shields
  5097 | D:5      | Found a basalt altar of Yredelemnul.
  5331 | D:5      | Found an ancient bone altar of Kikubaaqudgha.
  5399 | D:6      | Reached skill level 5 in Maces & Flails
  5416 | D:6      | Found a glowing drain.
  5428 | Sewer    | Entered a sewer
  5584 | Sewer    | Reached * piety under Wu Jian
  6046 | Sewer    | Reached ** piety under Wu Jian
  6086 | Sewer    | Reached skill level 5 in Shields
  6549 | D:6      | Found a glowing golden altar of the Shining One.
  6823 | D:6      | Gained mutation: You have a pair of horns on your head.
                  | [demonic ancestry]
  6823 | D:6      | Reached XP level 8. HP: 52/58 MP: 8/8
  7148 | D:6      | Reached skill level 6 in Shields
  7257 | D:6      | Found the +7 pair of quick blades "Gyre" and "Gimble"
                  | {protect}
  7662 | D:6      | Found an opulent altar of Gozag.
  7746 | D:7      | Reached skill level 1 in Stealth
  7859 | D:7      | Found Innuemej's General Store.
  7896 | D:7      | Killed from afar by a steam dragon

Illustrated notes

Levels and vault maps discovered:
D:1:      minmay_arrival_four_houses, layout_basic
D:2:      layout_rooms, first_ration, minmay_strange_pillars
D:3:      layout_loops_ring, chequers_ecumenical_altar_island,
          gammafunk_ghost_gnarly_gnolls
D:4:      layout_basic, minmay_temple_entry_offerings, serial_shops, shop, shop,
          uniq_eustachio
D:5:      layout_loops_ring, marbit_many_paths,
          yredelemnul_forgotten_temple_becter
D:6:      layout_layer_cave, lemuel_coloured_pillars_altar, kennysheep_mini,
          cheibrodos_sewer_entry_sluice, chequers_serial_rivers_marsh
D:7:      layout_basic, lemuel_doored_altar, serial_shops, shop
Temple:   dpeg_chambers_temple

Skill      XL: |  1  2  3  4  5  6  7  8 |
---------------+-------------------------+-----
Maces & Flails | 3 4 5 |  5.6
Dodging        | 3 |  3.1
Shields        | 1 2 3 5 6 |  6.5
Armour         | 2 3 |  3.2
Fighting       | 3 |  3.6
Stealth        | 1 |  1.0
Throwing       | |  1.7

Action                   |  1- 3 |  4- 6 |  7- 9 || total
-------------------------+-------+-------+-------++-------
Melee: Flail             |   129 |    88 |       ||   217
       Headbutt          |       |    19 |   115 ||   134
       Whip              |       |    48 |   483 ||   531
Throw: Throwing net      |       |     9 |       ||     9
       Stone             |       |     1 |       ||     1
Invok: Lunge             |       |     4 |     9 ||    13
       Whirlwind         |       |       |     9 ||     9
  Use: Scroll            |     9 |     2 |     2 ||    13
       Potion            |     1 |     4 |     3 ||     8
 Stab: Held in net/web   |       |     1 |       ||     1
  Eat: Chunk             |     3 |     5 |    12 ||    20
       Ration            |       |     1 |       ||     1
Armor: Leather armour    |    59 |    25 |       ||    84
       Plate armour      |       |     9 |   210 ||   219
       Chain mail        |       |     1 |       ||     1
Dodge: Dodged            |    69 |    27 |    25 ||   121
       Repelled          |       |       |     1 ||     1
Block: Tower shield      |    77 |    79 |   302 ||   458

Table legend:
 A = Non-vault XP
 B = Vault XP
 C = Vault XP percentage of total XP
 D = Non-vault monster count
 E = Vault monster count
 F = Vault count percentage of total count
                 A         B        C        D         E       F
            +---------+---------+-------+---------+---------+-------
      Total |    1681 |     424 |  20.1 |     111 |      53 |  32.3
            +---------+---------+-------+---------+---------+-------
        D:1 |      37 |       0 |   0.0 |      21 |       0 |   0.0
        D:2 |      73 |       0 |   0.0 |      23 |       0 |   0.0
        D:3 |     178 |       0 |   0.0 |      20 |       0 |   0.0
        D:4 |     123 |     196 |  61.4 |       4 |       1 |  20.0
        D:5 |     446 |      42 |   8.6 |      21 |       2 |   8.7
        D:6 |     686 |      18 |   2.6 |      19 |       2 |   9.5
        D:7 |     138 |       0 |   0.0 |       3 |       0 |   0.0
      Sewer |       0 |     168 | 100.0 |       0 |      48 | 100.0
            +---------+---------+-------+---------+---------+-------
